 Dungeon Crawl Stone Soup version 0.29.0-4-gdea44cf6ec (webtiles) character file.

Game seed: 17542265934651535540

458 qw the Chopper (level 7, -14/58 HPs)
             Began as a Ghoul Summoner on Sept 10, 2022.
             Demolished by Duvessa
             ... wielding a +0 short sword
              (15 damage)
             ... on level 4 of the Dungeon.
             The game lasted 00:02:24 (6256 turns).

qw the Chopper (Ghoul Summoner)                     Turns: 6256, Time: 00:02:24

Health: -14/58     AC: 10    Str: 14    XL:     7   Next: 6%
Magic:  8/8        EV:  9    Int: 10    God:
Gold:   318        SH:  0    Dex:  9    Spells: 8/9 levels left

rFire   . . .      SeeInvis .   Y - +0 war axe
rCold   + . .      Faith    .   (no shield)
rNeg    + + +      Spirit   .   m - +0 scale mail
rPois   inf        Reflect  .   p - +1 helmet
rElec   .          Harm     .   d - +0 cloak
rCorr   .          Rampage  .   (no gloves)
Will    .....                   q - +0 pair of boots
Stlth   ..........              (no amulet)
HPRegen 0.00/turn               (no ring)
MPRegen 0.11/turn               (no ring)

@: lit by a corona, about to teleport, inhibited regen, glowing
A: claws 1, cold resistance 1, negative energy resistance 3, inhibited
regeneration, torment resistance 2, devour on kill
a: no special abilities


You were on level 4 of the Dungeon.
You visited 2 branches of the dungeon, and saw 5 of its levels.

You collected 318 gold pieces.


Innate Abilities, Weirdness & Mutations

You are immune to poison.
You have sharp fingernails.
Your flesh is cold resistant. (rC+)
You are immune to negative energy. (rN+++)
You do not regenerate when monsters are visible.
You are immune to unholy pain and torment.
You thrive by killing the living.


   Skills:
 + Level 3.7 Fighting
 - Level 5.2 Axes
 - Level 1.1 Armour
 - Level 1.7 Dodging
 - Level 2.1 Stealth
 - Level 1.7 Spellcasting
 - Level 3.6 Summonings


You had 8 spell levels left.
You knew the following spells:

 Your Spells              Type           Power      Damage    Failure   Level
a - Summon Small Mammal   Summ           32%        N/A       32%         1

Your spell library contained the following spells:

 Spells                   Type           Power      Damage    Failure   Level
 Call Imp                 Summ           8%         N/A       43%         2
 Call Canine Familiar     Summ           8%         N/A       67%         3
 Summon Guardian Golem    Hex/Summ       4%         N/A       90%         3
 Summon Lightning Spire   Summ/Air       4%         N/A       100%        4

Inventory:

Hand Weapons
 c - a +0 eveningstar
 Y - a +0 war axe (weapon)
Missiles
 k - 4 boomerangs (quivered)
Armour
 d - a +0 cloak (worn)
 m - a +0 scale mail (worn)
 p - a +1 helmet (worn)
 q - a +0 pair of boots (worn)
Scrolls
 a - a scroll of vulnerability {unknown}
 f - a scroll of acquirement {unknown}
 i - a scroll of identify
Potions
 b - a potion of brilliance {unknown}
 e - a potion of curing {unknown}
 l - a potion of haste
 n - a potion of cancellation {unknown}
 o - a potion of degeneration {unknown}

Dungeon Overview and Level Annotations

Branches:
Dungeon (4/15)             Temple (1/1) D:4

Altars:
Ashenzari
Cheibriados
Dithmenos
Fedhas
Gozag
Hepliaklqana
Makhleb
Nemelex Xobeh
Ru
Sif Muna
Trog
Uskayaw
Vehumet
Wu Jian
Xom
Yredelemnul

Annotations:
D:4 Duvessa


Message History

Duvessa, Sister of Dowan comes into view.
She is wielding a +0 short sword.
Dowan gestures at you while chanting.
You are outlined in light.
You closely miss Dowan.
Dowan is severely wounded.
Duvessa shouts!
Dowan hits you but does no damage.
You hit Dowan.
Dowan is almost dead.
You barely miss the goblin. Dowan hits you but does no damage.
The goblin hits you but does no damage. Dowan hits you with a +0 dagger.
You hit Dowan.
You kill Dowan!
You feel better.
Duvessa weeps, and shakes her weapon.
Duvessa goes berserk!
You closely miss the goblin. The goblin hits you but does no damage.
The goblin hits you with a +0 club.
Your Axes skill increases to level 5!
You have reached level 7!
You slash the goblin!
You kill the goblin!
You feel better.
You barely miss Duvessa. Duvessa hits you but does no damage.
Duvessa hits you with a +0 short sword!
You hit Duvessa but do no damage. Duvessa closely misses you.
Duvessa hits you with a +0 short sword!
You closely miss Duvessa. Duvessa barely misses you.
Duvessa hits you with a +0 short sword!
You barely miss Duvessa. Duvessa hits you but does no damage.
Duvessa hits you with a +0 short sword!
6254 ||| READING scroll of teleportation.
As you read the scroll of teleportation, it crumbles to dust.
You feel strangely unstable. Duvessa hits you with a +0 short sword!
You barely miss Duvessa. Duvessa barely misses you.
Duvessa hits you but does no damage.
You hit Duvessa.
Duvessa is lightly wounded.
Duvessa hits you with a +0 short sword!
You die...

#.# #.# # #.# #.#########
#.# #.#........ #.#
#.#.####### #.#.# #.#.#
#...# #e#.# #.#.###.#.#
#@#.# #.#.....#.# #)#.#
#.#####.#.. #.#.#
#.#########
#.#.####..........
########.#.........######
#.............#.##.######
#.######.#.##.#..........
#.# #.#....#.#........
#.# #.#.#..#.#########


You could see Duvessa (berserk).

Vanquished Creatures
  A black bear (D:4)
  A scorpion (D:4)
  Dowan (D:4)
  An iguana (D:3)
  Natasha (D:2)
  Robin (D:4)
  4 adders
  3 worms
  A dart slug (D:1)
  3 orcs
  4 ball pythons
  2 endoplasms
  4 giant cockroaches
  14 goblins
  8 hobgoblins
  9 jackals
  5 kobolds
  4 quokkas
  2 bats (D:1)
  A frilled lizard (D:2)
  2 rats
72 creatures vanquished.

Vanquished Creatures (collateral kills)
  Natasha (twice) (D:2)
  A dart slug (D:1)
  A worm (D:2)
  A bat (D:2)
  3 endoplasms
  2 hobgoblins
  2 jackals (D:1)
  2 quokkas
  2 ball pythons (D:1)
  A frilled lizard (D:1)
  A goblin (D:1)
  2 rats (D:1)
20 creatures vanquished.

Grand Total: 92 creatures vanquished

Notes
Turn   | Place    | Note
-------+----------+-------------------------------------------
     0 | D:1      | qw the Ghoul Summoner began the quest for the Orb.
     0 | D:1      | Reached XP level 1. HP: 14/14 MP: 2/2
     0 | D:1      | 0 ||| qw: Version: 0.1-a-113-g051387a
     0 | D:1      | 0 ||| qw: Game counter: 7383
     0 | D:1      | 0 ||| qw: Always use a shield: true
     0 | D:1      | 0 ||| qw: God list: Okawaru
     0 | D:1      | 0 ||| qw: Allow faded altars: false
     0 | D:1      | 0 ||| qw: Do Orc after D:15 true
     0 | D:1      | 0 ||| qw: Do second Lair branch before Depths: true
     0 | D:1      | 0 ||| qw: Lair rune preference: random
     0 | D:1      | 0 ||| qw: Plans: Normal
     0 | D:1      | 0 ||| PLANNING D:1-11
    15 | D:1      | 15 ||| CASTING Summon Small Mammal
    16 | D:1      | 16 ||| CASTING Summon Small Mammal
    28 | D:1      | 28 ||| CASTING Summon Small Mammal
    30 | D:1      | 30 ||| Stepping ~*~*~tactically~*~*~ (stealth).
    64 | D:1      | 64 ||| Stepping ~*~*~tactically~*~*~ (stealth).
    69 | D:1      | 69 ||| Stepping ~*~*~tactically~*~*~ (stealth).
    70 | D:1      | 70 ||| CASTING Summon Small Mammal
    71 | D:1      | 71 ||| CASTING Summon Small Mammal
   278 | D:1      | 278 ||| CASTING Summon Small Mammal
   279 | D:1      | 279 ||| CASTING Summon Small Mammal
   309 | D:1      | 309 ||| CASTING Summon Small Mammal
   310 | D:1      | 310 ||| CASTING Summon Small Mammal
   312 | D:1      | Reached skill level 1 in Axes
   335 | D:1      | 335 ||| CASTING Summon Small Mammal
   336 | D:1      | 336 ||| CASTING Summon Small Mammal
   345 | D:1      | Reached XP level 2. HP: 15/22 MP: 0/3
   347 | D:1      | 347 ||| CASTING Summon Small Mammal
   351 | D:1      | Reached skill level 1 in Fighting
   351 | D:1      | 351 ||| Stepping ~*~*~tactically~*~*~ (hiding).
   461 | D:1      | 461 ||| CASTING Summon Small Mammal
   462 | D:1      | 462 ||| CASTING Summon Small Mammal
   463 | D:1      | 463 ||| CASTING Summon Small Mammal
   499 | D:1      | 499 ||| CASTING Summon Small Mammal
   500 | D:1      | 500 ||| CASTING Summon Small Mammal
   501 | D:1      | 501 ||| CASTING Summon Small Mammal
   539 | D:1      | 539 ||| Wielding weapon +0 club.
   546 | D:1      | 546 ||| CASTING Summon Small Mammal
   547 | D:1      | 547 ||| CASTING Summon Small Mammal
   548 | D:1      | 548 ||| CASTING Summon Small Mammal
   606 | D:1      | 606 ||| CASTING Summon Small Mammal
   607 | D:1      | 607 ||| CASTING Summon Small Mammal
   608 | D:1      | 608 ||| CASTING Summon Small Mammal
   654 | D:1      | 654 ||| SWAPPING to +0 hand axe.
   660 | D:1      | 660 ||| CASTING Summon Small Mammal
   662 | D:1      | 662 ||| CASTING Summon Small Mammal
   663 | D:1      | 663 ||| CASTING Summon Small Mammal
   672 | D:1      | 672 ||| CASTING Summon Small Mammal
   742 | D:1      | 742 ||| CASTING Summon Small Mammal
   743 | D:1      | 743 ||| CASTING Summon Small Mammal
   744 | D:1      | 744 ||| CASTING Summon Small Mammal
   842 | D:1      | 842 ||| Stepping ~*~*~tactically~*~*~ (hiding).
   944 | D:1      | 944 ||| CASTING Summon Small Mammal
   945 | D:1      | 945 ||| CASTING Summon Small Mammal
   946 | D:1      | 946 ||| CASTING Summon Small Mammal
   997 | D:1      | 997 ||| CASTING Summon Small Mammal
   998 | D:1      | 998 ||| CASTING Summon Small Mammal
   999 | D:1      | 999 ||| CASTING Summon Small Mammal
  1051 | D:1      | 1051 ||| CASTING Summon Small Mammal
  1052 | D:1      | 1052 ||| CASTING Summon Small Mammal
  1053 | D:1      | 1053 ||| CASTING Summon Small Mammal
  1059 | D:1      | Reached XP level 3. HP: 28/28 MP: 0/4
  1103 | D:1      | 1103 ||| CASTING Summon Small Mammal
  1104 | D:1      | 1104 ||| CASTING Summon Small Mammal
  1105 | D:1      | 1105 ||| CASTING Summon Small Mammal
  1106 | D:1      | 1106 ||| CASTING Summon Small Mammal
  1152 | D:1      | 1152 ||| DROPPING +0 club.
  1270 | D:1      | 1270 ||| CASTING Summon Small Mammal
  1271 | D:1      | 1271 ||| CASTING Summon Small Mammal
  1272 | D:1      | 1272 ||| CASTING Summon Small Mammal
  1273 | D:1      | 1273 ||| CASTING Summon Small Mammal
  1286 | D:1      | Reached skill level 2 in Axes
  1517 | D:1      | 1517 ||| CASTING Summon Small Mammal
  1518 | D:1      | 1518 ||| CASTING Summon Small Mammal
  1519 | D:1      | 1519 ||| CASTING Summon Small Mammal
  1520 | D:1      | 1520 ||| CASTING Summon Small Mammal
  1588 | D:1      | 1588 ||| UPGRADING to +0 ring mail.
  1598 | D:1      | 1598 ||| DROPPING +0 robe.
  1599 | D:1      | 1599 ||| READING 2 scrolls labelled LIDEPU ATIVEJ.
  1600 | D:1      | 1600 ||| READING 2 scrolls labelled ESIADD FIBA.
  1604 | D:1      | 1604 ||| READING scroll labelled DESODU HAWK.
  1605 | D:1      | 1605 ||| READING 2 scrolls labelled TURAQO ASEBLEP.
  1606 | D:1      | 1606 ||| DRINKING 2 smoky pink potions.
  1607 | D:1      | 1607 ||| DROPPING potion of magic.
  1608 | D:1      | 1608 ||| DROPPING potion of lignification.
  1609 | D:1      | 1609 ||| DROPPING scroll of fear.
  1668 | D:2      | 1668 ||| CASTING Summon Small Mammal
  1669 | D:2      | 1669 ||| STAIRDANCE
  1692 | D:2      | 1692 ||| CASTING Summon Small Mammal
  1694 | D:2      | 1694 ||| STAIRDANCE
  1734 | D:2      | Noticed Natasha
  1735 | D:2      | 1735 ||| CASTING Summon Small Mammal
  1736 | D:2      | 1736 ||| CASTING Summon Small Mammal
  1737 | D:2      | 1737 ||| CASTING Summon Small Mammal
  1738 | D:2      | 1738 ||| CASTING Summon Small Mammal
  1747 | D:2      | Killed Natasha
  1896 | D:2      | 1896 ||| CASTING Summon Small Mammal
  1899 | D:2      | 1899 ||| CASTING Summon Small Mammal
  1914 | D:2      | Noticed Natasha
  1915 | D:2      | 1915 ||| Stepping ~*~*~tactically~*~*~ (hiding).
  1921 | D:2      | 1921 ||| CASTING Summon Small Mammal
  1922 | D:2      | 1922 ||| CASTING Summon Small Mammal
  1923 | D:2      | 1923 ||| CASTING Summon Small Mammal
  1930 | D:2      | Killed Natasha
  1931 | D:2      | Reached XP level 4. HP: 17/37 MP: 2/5
  2009 | D:2      | Noticed Natasha
  2010 | D:2      | 2010 ||| Stepping ~*~*~tactically~*~*~ (stealth).
  2011 | D:2      | 2011 ||| Stepping ~*~*~tactically~*~*~ (stealth).
  2012 | D:2      | 2012 ||| Stepping ~*~*~tactically~*~*~ (stealth).
  2013 | D:2      | 2013 ||| Stepping ~*~*~tactically~*~*~ (stealth).
  2015 | D:2      | 2015 ||| CASTING Summon Small Mammal
  2016 | D:2      | 2016 ||| CASTING Summon Small Mammal
  2025 | D:2      | Killed Natasha
  2026 | D:2      | Reached skill level 3 in Axes
  2217 | D:2      | 2217 ||| CASTING Summon Small Mammal
  2218 | D:2      | 2218 ||| CASTING Summon Small Mammal
  2219 | D:2      | 2219 ||| CASTING Summon Small Mammal
  2220 | D:2      | 2220 ||| CASTING Summon Small Mammal
  2221 | D:2      | 2221 ||| CASTING Summon Small Mammal
  2264 | D:2      | 2264 ||| Stepping ~*~*~tactically~*~*~ (stealth).
  2265 | D:2      | 2265 ||| Stepping ~*~*~tactically~*~*~ (stealth).
  2266 | D:2      | 2266 ||| CASTING Summon Small Mammal
  2267 | D:2      | 2267 ||| CASTING Summon Small Mammal
  2268 | D:2      | 2268 ||| CASTING Summon Small Mammal
  2276 | D:2      | 2276 ||| CASTING Summon Small Mammal
  2277 | D:2      | 2277 ||| CASTING Summon Small Mammal
  2351 | D:2      | 2351 ||| CASTING Summon Small Mammal
  2377 | D:2      | 2377 ||| CASTING Summon Small Mammal
  2378 | D:2      | 2378 ||| CASTING Summon Small Mammal
  2379 | D:2      | 2379 ||| CASTING Summon Small Mammal
  2380 | D:2      | 2380 ||| CASTING Summon Small Mammal
  2381 | D:2      | 2381 ||| CASTING Summon Small Mammal
  2384 | D:2      | Reached XP level 5. HP: 42/42 MP: 0/6
  2444 | D:2      | 2444 ||| CASTING Summon Small Mammal
  2446 | D:2      | 2446 ||| CASTING Summon Small Mammal
  2447 | D:2      | 2447 ||| CASTING Summon Small Mammal
  2448 | D:2      | 2448 ||| CASTING Summon Small Mammal
  2449 | D:2      | 2449 ||| CASTING Summon Small Mammal
  2450 | D:2      | 2450 ||| CASTING Summon Small Mammal
  2586 | D:2      | 2586 ||| CASTING Summon Small Mammal
  2587 | D:2      | 2587 ||| CASTING Summon Small Mammal
  2588 | D:2      | 2588 ||| CASTING Summon Small Mammal
  2589 | D:2      | 2589 ||| CASTING Summon Small Mammal
  2590 | D:2      | 2590 ||| CASTING Summon Small Mammal
  2591 | D:2      | 2591 ||| CASTING Summon Small Mammal
  2679 | D:2      | 2679 ||| CASTING Summon Small Mammal
  2680 | D:2      | 2680 ||| CASTING Summon Small Mammal
  2681 | D:2      | 2681 ||| CASTING Summon Small Mammal
  2786 | D:2      | 2786 ||| CASTING Summon Small Mammal
  2787 | D:2      | 2787 ||| CASTING Summon Small Mammal
  2788 | D:2      | 2788 ||| CASTING Summon Small Mammal
  2789 | D:2      | 2789 ||| CASTING Summon Small Mammal
  2828 | D:2      | 2828 ||| CASTING Summon Small Mammal
  2829 | D:2      | 2829 ||| CASTING Summon Small Mammal
  2830 | D:2      | 2830 ||| CASTING Summon Small Mammal
  2831 | D:2      | 2831 ||| CASTING Summon Small Mammal
  2832 | D:2      | 2832 ||| CASTING Summon Small Mammal
  2833 | D:2      | 2833 ||| CASTING Summon Small Mammal
  2916 | D:2      | 2916 ||| CASTING Summon Small Mammal
  2945 | D:2      | 2945 ||| CASTING Summon Small Mammal
  2947 | D:2      | 2947 ||| CASTING Summon Small Mammal
  2948 | D:2      | 2948 ||| CASTING Summon Small Mammal
  2949 | D:2      | 2949 ||| CASTING Summon Small Mammal
  2950 | D:2      | 2950 ||| CASTING Summon Small Mammal
  2951 | D:2      | 2951 ||| CASTING Summon Small Mammal
  3067 | D:2      | 3067 ||| CASTING Summon Small Mammal
  3071 | D:2      | 3071 ||| Stepping ~*~*~tactically~*~*~ (stealth).
  3072 | D:2      | 3072 ||| CASTING Summon Small Mammal
  3073 | D:2      | 3073 ||| CASTING Summon Small Mammal
  3104 | D:2      | 3104 ||| CASTING Summon Small Mammal
  3105 | D:2      | 3105 ||| CASTING Summon Small Mammal
  3106 | D:2      | 3106 ||| CASTING Summon Small Mammal
  3107 | D:2      | 3107 ||| CASTING Summon Small Mammal
  3108 | D:2      | 3108 ||| CASTING Summon Small Mammal
  3109 | D:2      | 3109 ||| CASTING Summon Small Mammal
  3217 | D:2      | 3217 ||| CASTING Summon Small Mammal
  3218 | D:2      | 3218 ||| CASTING Summon Small Mammal
  3219 | D:2      | 3219 ||| CASTING Summon Small Mammal
  3220 | D:2      | 3220 ||| CASTING Summon Small Mammal
  3221 | D:2      | 3221 ||| CASTING Summon Small Mammal
  3222 | D:2      | 3222 ||| CASTING Summon Small Mammal
  3304 | D:2      | 3304 ||| CASTING Summon Small Mammal
  3305 | D:2      | 3305 ||| CASTING Summon Small Mammal
  3427 | D:2      | 3427 ||| CASTING Summon Small Mammal
  3428 | D:2      | 3428 ||| CASTING Summon Small Mammal
  3429 | D:2      | 3429 ||| CASTING Summon Small Mammal
  3430 | D:2      | 3430 ||| CASTING Summon Small Mammal
  3431 | D:2      | 3431 ||| CASTING Summon Small Mammal
  3432 | D:2      | 3432 ||| CASTING Summon Small Mammal
  3537 | D:2      | 3537 ||| CASTING Summon Small Mammal
  3538 | D:2      | 3538 ||| CASTING Summon Small Mammal
  3539 | D:2      | 3539 ||| CASTING Summon Small Mammal
  3540 | D:2      | 3540 ||| CASTING Summon Small Mammal
  3541 | D:2      | 3541 ||| CASTING Summon Small Mammal
  3542 | D:2      | 3542 ||| CASTING Summon Small Mammal
  3628 | D:2      | 3628 ||| CASTING Summon Small Mammal
  3629 | D:2      | 3629 ||| CASTING Summon Small Mammal
  3632 | D:2      | 3632 ||| CASTING Summon Small Mammal
  3633 | D:2      | 3633 ||| CASTING Summon Small Mammal
  3634 | D:2      | 3634 ||| CASTING Summon Small Mammal
  3635 | D:2      | 3635 ||| CASTING Summon Small Mammal
  3692 | D:2      | 3692 ||| CASTING Summon Small Mammal
  3693 | D:2      | 3693 ||| CASTING Summon Small Mammal
  3694 | D:2      | 3694 ||| CASTING Summon Small Mammal
  3695 | D:2      | 3695 ||| CASTING Summon Small Mammal
  3696 | D:2      | 3696 ||| CASTING Summon Small Mammal
  3697 | D:2      | 3697 ||| CASTING Summon Small Mammal
  3859 | D:2      | 3859 ||| UPGRADING to +0 cloak.
  3864 | D:2      | 3864 ||| UPGRADING to +0 helmet.
  3869 | D:2      | 3869 ||| READING 2 scrolls labelled OGASTO VYBIRRO.
  3870 | D:2      | 3870 ||| READING scroll of brand weapon.
  3870 | D:2      | 3870 ||| BRANDING +0 vorpal hand axe.
  3955 | D:3      | 3955 ||| CASTING Summon Small Mammal
  3956 | D:3      | 3956 ||| STAIRDANCE
  3966 | D:3      | 3966 ||| CASTING Summon Small Mammal
  3967 | D:3      | 3967 ||| STAIRDANCE
  3999 | D:3      | 3999 ||| CASTING Summon Small Mammal
  4000 | D:3      | 4000 ||| CASTING Summon Small Mammal
  4001 | D:3      | 4001 ||| CASTING Summon Small Mammal
  4002 | D:3      | 4002 ||| CASTING Summon Small Mammal
  4003 | D:3      | 4003 ||| CASTING Summon Small Mammal
  4004 | D:3      | 4004 ||| CASTING Summon Small Mammal
  4075 | D:3      | 4075 ||| Stepping ~*~*~tactically~*~*~ (stealth).
  4076 | D:3      | 4076 ||| CASTING Summon Small Mammal
  4077 | D:3      | 4077 ||| CASTING Summon Small Mammal
  4158 | D:3      | 4158 ||| CASTING Summon Small Mammal
  4159 | D:3      | 4159 ||| CASTING Summon Small Mammal
  4160 | D:3      | 4160 ||| CASTING Summon Small Mammal
  4161 | D:3      | 4161 ||| CASTING Summon Small Mammal
  4162 | D:3      | 4162 ||| CASTING Summon Small Mammal
  4163 | D:3      | 4163 ||| CASTING Summon Small Mammal
  4289 | D:3      | 4289 ||| CASTING Summon Small Mammal
  4290 | D:3      | 4290 ||| CASTING Summon Small Mammal
  4291 | D:3      | 4291 ||| CASTING Summon Small Mammal
  4292 | D:3      | 4292 ||| CASTING Summon Small Mammal
  4293 | D:3      | 4293 ||| CASTING Summon Small Mammal
  4341 | D:3      | 4341 ||| CASTING Summon Small Mammal
  4342 | D:3      | 4342 ||| CASTING Summon Small Mammal
  4343 | D:3      | 4343 ||| CASTING Summon Small Mammal
  4344 | D:3      | 4344 ||| CASTING Summon Small Mammal
  4422 | D:3      | 4422 ||| Stepping ~*~*~tactically~*~*~ (stealth).
  4423 | D:3      | 4423 ||| CASTING Summon Small Mammal
  4424 | D:3      | 4424 ||| CASTING Summon Small Mammal
  4431 | D:3      | 4431 ||| CASTING Summon Small Mammal
  4432 | D:3      | 4432 ||| CASTING Summon Small Mammal
  4433 | D:3      | 4433 ||| CASTING Summon Small Mammal
  4434 | D:3      | 4434 ||| CASTING Summon Small Mammal
  4435 | D:3      | 4435 ||| CASTING Summon Small Mammal
  4511 | D:3      | 4511 ||| CASTING Summon Small Mammal
  4512 | D:3      | 4512 ||| CASTING Summon Small Mammal
  4513 | D:3      | 4513 ||| CASTING Summon Small Mammal
  4514 | D:3      | 4514 ||| CASTING Summon Small Mammal
  4519 | D:3      | 4519 ||| CASTING Summon Small Mammal
  4520 | D:3      | 4520 ||| CASTING Summon Small Mammal
  4521 | D:3      | 4521 ||| CASTING Summon Small Mammal
  4527 | D:3      | Reached skill level 4 in Axes
  4619 | D:3      | 4619 ||| CASTING Summon Small Mammal
  4620 | D:3      | 4620 ||| CASTING Summon Small Mammal
  4621 | D:3      | 4621 ||| CASTING Summon Small Mammal
  4622 | D:3      | 4622 ||| CASTING Summon Small Mammal
  4623 | D:3      | 4623 ||| CASTING Summon Small Mammal
  4780 | D:3      | 4780 ||| CASTING Summon Small Mammal
  4990 | D:3      | 4990 ||| DROPPING orb of energy.
  4991 | D:3      | 4991 ||| UPGRADING to +0 scale mail.
  5001 | D:3      | 5001 ||| DROPPING +0 ring mail.
  5002 | D:3      | 5002 ||| UPGRADING to +0 pair of boots.
  5007 | D:3      | 5007 ||| READING 2 scrolls labelled CUEGHA POVE.
  5008 | D:3      | 5008 ||| READING scroll labelled IFAEPH SICRU.
  5009 | D:3      | 5009 ||| DRINKING 2 lumpy white potions.
  5010 | D:3      | 5010 ||| DROPPING scroll of butterflies.
  5045 | D:3      | Reached skill level 1 in Armour
  5176 | D:4      | 5176 ||| STAIRDANCE
  5227 | D:4      | 5227 ||| DROPPING +0 mace.
  5435 | D:4      | Reached XP level 6. HP: 50/50 MP: 7/7
  5436 | D:4      | Noticed Robin
  5437 | D:4      | 5437 ||| Stepping ~*~*~tactically~*~*~ (hiding).
  5445 | D:4      | Reached skill level 3 in Fighting
  5462 | D:4      | Killed Robin
  5465 | D:4      | Noticed a black bear
  5466 | D:4      | 5466 ||| FLEEEEING.
  5467 | D:4      | 5467 ||| FLEEEEING.
  5468 | D:4      | 5468 ||| FLEEEEING.
  5469 | D:4      | 5469 ||| FLEEEEING.
  5470 | D:4      | 5470 ||| FLEEEEING.
  5471 | D:4      | 5471 ||| FLEEEEING.
  5472 | D:4      | 5472 ||| FLEEEEING.
  5473 | D:4      | 5473 ||| FLEEEEING.
  5474 | D:4      | 5474 ||| FLEEEEING.
  5475 | D:4      | 5475 ||| FLEEEEING.
  5476 | D:4      | 5476 ||| FLEEEEING.
  5477 | D:4      | 5477 ||| FLEEEEING.
  5478 | D:4      | 5478 ||| FLEEEEING.
  5479 | D:4      | 5479 ||| FLEEEEING.
  5480 | D:4      | 5480 ||| FLEEEEING.
  5481 | D:4      | 5481 ||| FLEEEEING.
  5482 | D:4      | 5482 ||| FLEEEEING.
  5483 | D:4      | 5483 ||| FLEEEEING.
  5484 | D:4      | 5484 ||| FLEEEEING.
  5485 | D:4      | 5485 ||| FLEEEEING.
  5486 | D:4      | 5486 ||| FLEEEEING.
  5487 | D:4      | 5487 ||| FLEEEEING.
  5488 | D:4      | 5488 ||| FLEEEEING.
  5489 | D:4      | 5489 ||| FLEEEEING.
  5490 | D:4      | 5490 ||| FLEEEEING.
  5494 | D:4      | 5494 ||| FLEEEEING.
  5495 | D:4      | 5495 ||| FLEEEEING.
  5496 | D:4      | 5496 ||| FLEEEEING.
  5497 | D:4      | 5497 ||| FLEEEEING.
  5498 | D:4      | 5498 ||| FLEEEEING.
  5499 | D:4      | 5499 ||| FLEEEEING.
  5502 | D:4      | 5502 ||| FLEEEEING.
  5503 | D:4      | 5503 ||| FLEEEEING.
  5504 | D:4      | 5504 ||| FLEEEEING.
  5505 | D:4      | 5505 ||| FLEEEEING.
  5506 | D:4      | 5506 ||| FLEEEEING.
  5507 | D:4      | 5507 ||| FLEEEEING.
  5508 | D:4      | 5508 ||| FLEEEEING.
  5509 | D:4      | 5509 ||| FLEEEEING.
  5510 | D:4      | 5510 ||| FLEEEEING.
  5511 | D:4      | 5511 ||| FLEEEEING.
  5512 | D:4      | 5512 ||| FLEEEEING.
  5513 | D:4      | 5513 ||| FLEEEEING.
  5514 | D:4      | 5514 ||| FLEEEEING.
  5515 | D:4      | 5515 ||| FLEEEEING.
  5516 | D:4      | 5516 ||| FLEEEEING.
  5517 | D:4      | 5517 ||| FLEEEEING.
  5518 | D:4      | 5518 ||| FLEEEEING.
  5519 | D:4      | 5519 ||| FLEEEEING.
  5523 | D:4      | 5523 ||| FLEEEEING.
  5525 | D:4      | 5525 ||| FLEEEEING.
  5537 | D:4      | Killed a black bear
  5751 | D:4      | 5751 ||| SWAPPING to +0 war axe.
  5752 | D:4      | 5752 ||| DROPPING +0 hand axe of venom.
  5900 | D:4      | Found a staircase to the Ecumenical Temple.
  5901 | D:4      | 5901 ||| PLANNING TEMPLE
  5901 | D:4      | 5901 ||| UPGRADING to +1 helmet.
  5911 | D:4      | 5911 ||| DROPPING +0 helmet.
  5912 | D:4      | 5912 ||| READING scroll labelled OCORAH YJOAGO.
  5913 | D:4      | 5913 ||| READING 2 scrolls of identify.
  5913 | D:4      | 5913 ||| IDENTIFYING murky ruby potion
  5914 | D:4      | 5914 ||| DROPPING potion of flight.
  5950 | Temple   | Entered the Ecumenical Temple
  5950 | Temple   | Found a transporter.
  5950 | Temple   | Found a transporter.
  5952 | Temple   | Found a transporter.
  5952 | Temple   | Found a transporter.
  5962 | Temple   | 5962 ||| PLANNING D:1-11
  6236 | D:4      | Noticed Dowan
  6245 | D:4      | Noticed Duvessa
  6248 | D:4      | Killed Dowan
  6249 | D:4      | Reached skill level 5 in Axes
  6249 | D:4      | Reached XP level 7. HP: 43/58 MP: 8/8
  6253 | D:4      | HP: 8/58 [Duvessa/+0 short sword (13)]
  6254 | D:4      | 6254 ||| READING scroll of teleportation.
  6254 | D:4      | HP: 1/58 [Duvessa/+0 short sword (7)]
  6256 | D:4      | Demolished by Duvessa

Levels and vault maps discovered:
D:1:      spicycebolla_arrival_ecumenical, layout_loops_ring
D:2:      layout_basic, uniq_natasha
D:3:      layout_loops_ring, uniq_crazy_yiuf_cottage
D:4:      layout_basic, minmay_temple_entry_antechambers, uniq_duvessa,
          uniq_robin
Temple:   hellmonk_temple_divided_pantheon

Skill      XL: |  1  2  3  4  5  6 |
---------------+-------------------+-----
Axes           | 1 2 3 4 5 |  5.2
Fighting       | 1 2 3 |  3.7
Armour         | 1 |  1.1
Dodging        | |  1.7
Stealth        | |  2.1
Spellcasting   | |  1.7
Summonings     | |  3.6

Action                   |  1- 3 |  4- 6 |  7- 9 || total
-------------------------+-------+-------+-------++-------
Melee: Unarmed           |    34 |       |       ||    34
       Hand axe          |    45 |   196 |       ||   241
       War axe           |       |    20 |     7 ||    27
       Punch             |       |     1 |       ||     1
Throw: Boomerang         |       |    15 |       ||    15
 Cast: Summon Small Mamm |    60 |   106 |       ||   166
  Use: Scroll            |     4 |     6 |     1 ||    11
       Potion            |     1 |     1 |       ||     2
Armor: Robe              |    11 |       |       ||    11
       Ring mail         |     3 |    48 |       ||    51
       Scale mail        |       |    54 |     3 ||    57
Dodge: Dodged            |    56 |    93 |     3 ||   152

Table legend:
 A = Non-vault XP
 B = Vault XP
 C = Vault XP percentage of total XP
 D = Non-vault monster count
 E = Vault monster count
 F = Vault count percentage of total count
                 A         B        C        D         E       F
            +---------+---------+-------+---------+---------+-------
      Total |     514 |     141 |  21.5 |      78 |      14 |  15.2
            +---------+---------+-------+---------+---------+-------
        D:1 |      39 |       0 |   0.0 |      21 |       0 |   0.0
        D:2 |     140 |      35 |  20.0 |      29 |       1 |   3.3
        D:3 |      86 |       0 |   0.0 |      18 |       0 |   0.0
        D:4 |     249 |     106 |  29.9 |      10 |      13 |  56.5
            +---------+---------+-------+---------+---------+-------
